 Dungeon Crawl Stone Soup version 0.17.2-1-ge4368a0 (webtiles) character file.

228589 ololoev the Severer (level 18, -7/148 HPs)
             Began as a Demonspawn Berserker on July 29, 2016.
             Was a Priest of Makhleb.
             Mangled by an ogre mage
             ... wielding a +0 halberd
              (12 damage)
             ... on level 4 of the Vaults.
             The game lasted 02:37:56 (15577 turns).

ololoev the Severer (Demonspawn Berserker)         Turns: 15577, Time: 02:37:57

Health: -7/148     AC: 32    Str: 29    XL:     18   Next: 27%
Magic:  24/25      EV: 12    Int:  9    God:    Makhleb [***...]
Gold:   1289       SH:  0    Dex:  7    Spells: 0 memorised, 17 levels left

rFire  + + .     SeeInvis +     a - +6 executioner's axe (freeze)
rCold  + . .     Clarity  .     e - +1 chain mail {rF+}
rNeg   . . .     SustAt   .     (shield currently unavailable)
rPois  .         Gourm    .     M - +0 helmet {SInv}
rElec  .         Spirit   .     A - +2 cloak "Uwyiggan" {+Blink rF+ rCorr Dex-5}
rCorr  +         Warding  .     p - +2 pair of gloves {rC+}
rMut   +         Stasis   .     (boots unavailable)
MR     ++...                    y - amulet of resist mutation
Stlth  ..........               Y - ring of protection from magic
                                l - +4 ring of protection

@: mighty, marked, very slightly contaminated, heavily drained, very resistant
to hostile enchantments, extremely unstealthy
A: talons 3, rough black scales 2, powered by death 2, powered by pain 3,
regeneration 1
a: Minor Destruction, Lesser Servant of Makhleb, Renounce Religion, Evoke Blink
}: 2/15 runes: decaying, gossamer


Innate Abilities, Weirdness & Mutations

You have claws for feet.
You are mostly covered in rough black scales (AC +7, Dex -2).
You regenerate health from kills.
You are powered by pain.
Your natural rate of healing is unusually fast.

Inventory:

Hand Weapons
 a - a +6 executioner's axe of freezing (weapon)
 b - a +0 war axe of flaming
Missiles
 s - 6 throwing nets (quivered)
Armour
 e - a +1 chain mail of fire resistance (worn)
 p - a +2 pair of gloves of cold resistance (worn)
 A - the +2 cloak "Uwyiggan" (worn) {+Blink rF+ rCorr Dex-5}
   (You found it on level 2 of the Vaults)

   It affects your dexterity (-5).
   It protects you from fire.
   It lets you blink.
   It protects you from acid and corrosion.
 M - a +0 helmet of see invisible (worn)
 N - the +1 pair of gloves of the Quahog {rElec Int-4 Dex+2}
   (You found it on level 2 of the Vaults)

   It affects your intelligence (-4).
   It affects your dexterity (+2).
   It insulates you from electricity.
Jewellery
 d - an uncursed ring of protection from fire
 l - a +4 ring of protection (left hand)
 y - an amulet of resist mutation (around neck)
 D - an uncursed ring of poison resistance
 I - an uncursed ring of flight
 Y - a ring of protection from magic (right hand)
Wands
 E - a wand of fireball (8)
Scrolls
 f - a scroll of enchant weapon
 t - 6 scrolls of teleportation
 z - 4 scrolls of enchant armour
 B - 4 scrolls of fear
 C - a scroll of fog
 H - 3 scrolls of recharging
 L - 4 scrolls of remove curse
 U - a scroll of amnesia {unknown}
 Z - 2 scrolls of magic mapping
Potions
 g - 4 potions of brilliance
 k - 4 potions of flight
 n - 2 potions of might
 o - a potion of mutation {unknown}
 q - 2 potions of cancellation
 u - 5 potions of lignification
 w - a potion of ambrosia
 G - a potion of heal wounds
 P - 2 potions of agility
 Q - 2 potions of cure mutation
 R - a potion of beneficial mutation {unknown}
 T - a potion of magic {unknown}
 V - 2 potions of degeneration {unknown}
 W - a potion of curing
Books
 h - a book of Beasts

   Spells                             Type                      Level
   a - Summon Butterflies             Summoning                    1
   b - Call Canine Familiar           Summoning                    3
   c - Summon Ice Beast               Ice/Summoning                4
   d - Summon Mana Viper              Hexes/Summoning              5
   e - Summon Hydra                   Summoning                    7
 j - a book of Enchantments

   Spells                             Type                      Level
   a - Cause Fear                     Hexes                        4
   b - Silence                        Hexes/Air                    5
   c - Deflect Missiles               Charms/Air                   6
   d - Haste                          Charms                       6
   e - Discord                        Hexes                        8
 K - a book of Party Tricks

   Spells                             Type                      Level
   a - Summon Butterflies             Summoning                    1
   b - Apportation                    Translocation                1
   c - Tukima's Dance                 Hexes                        3
   d - Alistair's Intoxication        Transmutation/Poison         4
   e - Invisibility                   Hexes                        6
 S - a book of Air

   Spells                             Type                      Level
   a - Shock                          Conjuration/Air              1
   b - Swiftness                      Charms/Air                   2
   c - Repel Missiles                 Charms/Air                   2
   d - Static Discharge               Conjuration/Air              3
   e - Lightning Bolt                 Conjuration/Air              5
Miscellaneous
 v - a phial of floods (inert)
Comestibles
 c - 11 bread rations
 i - 13 fruits
 m - 9 chunks of flesh
 x - 3 beef jerkies
 F - 3 meat rations
 J - 4 slices of pizza


   Skills:
 - Level 14.8(12.4) Fighting
 - Level 17.8(15.3) Axes
 - Level 13.3(11.0) Armour
 - Level 13.4(11.1) Dodging
 + Level 10.6(8.4) Evocations


You had 17 spell levels left.
You didn't know any spells.


You were on level 4 of the Vaults.
You worshipped Makhleb.
Makhleb was most pleased with you.
You were hungry.

You visited 7 branches of the dungeon, and saw 40 of its levels.
You also visited: Labyrinth, Bailey and Ice Cave.

You collected 3051 gold pieces.
You spent 1762 gold pieces at shops.

.#......#W#
#pC..^...
.#.....(#)#
#Opp.....
.#......)T#
#p(......
.#......#)# #p#
.########.# #c#
..........########C#
..........p.....WTH#
..............cOpOp#
..............@pG#
....
################O#
...... #O# ......
#.########......
#...............
#...............
#...............
#...............
#####+##........

Notes
Turn   | Place    | Note
--------------------------------------------------------------
     0 | D:1      | ololoev the Demonspawn Berserker began the quest for the Orb.
     0 | D:1      | Reached XP level 1. HP: 18/18 MP: 1/1
   151 | D:1      | Gained mutation: You have sharp toenails. [demonic ancestry]
   151 | D:1      | Reached XP level 2. HP: 12/24 MP: 2/2
   313 | D:3      | Reached XP level 3. HP: 9/29 MP: 3/3
   395 | D:4      | Noticed a water moccasin
   401 | D:4      | Killed a water moccasin
   401 | D:4      | Gained mutation: You have razor-sharp toenails. [demonic ancestry]
   401 | D:4      | Reached XP level 4. HP: 25/36 MP: 4/4
   427 | D:5      | Entered Level 5 of the Dungeon
   439 | D:5      | Reached ** piety under Trog
   439 | D:5      | Gained mutation: You regenerate a little health from kills. [demonic ancestry]
   439 | D:5      | Reached XP level 5. HP: 11/42 MP: 5/5
   474 | D:5      | Reached skill level 4 in Axes
   657 | D:6      | Gained mutation: You are partially covered in rough black scales (AC +4, Dex -1). [demonic ancestry]
   657 | D:6      | Reached XP level 6. HP: 45/48 MP: 6/6
   707 | D:6      | Found a stormy altar of Qazlal.
   708 | D:6      | Noticed a water elemental
   712 | D:6      | Noticed an air elemental
   712 | D:6      | Noticed a fire elemental
   785 | D:6      | You fall through a shaft for 2 floors!
   787 | D:8      | Found an opulent altar of Gozag.
   788 | D:8      | Noticed Joseph
   820 | D:8      | Killed Joseph
   820 | D:8      | Reached skill level 5 in Axes
   820 | D:8      | Gained mutation: You regenerate health from kills. [demonic ancestry]
   820 | D:8      | Reached XP level 7. HP: 43/55 MP: 7/7
   922 | D:7      | Found a staircase to the Ecumenical Temple.
   985 | D:6      | Noticed an orc warrior
   989 | D:6      | Noticed an ogre
   993 | D:6      | Reached skill level 5 in Fighting
  1022 | D:6      | Killed an ogre
  1025 | D:6      | Reached skill level 6 in Axes
  1032 | D:6      | Killed an orc warrior
  1032 | D:6      | Reached XP level 8. HP: 62/62 MP: 8/8
  1168 | D:8      | Noticed a hungry ghost
  1278 | D:10     | Entered Level 10 of the Dungeon
  1354 | D:10     | Noticed a tengu conjurer
  1369 | D:10     | Killed a tengu conjurer
  1369 | D:10     | Reached skill level 7 in Axes
  1429 | D:10     | Noticed a troll
  1436 | D:10     | Killed a troll
  1436 | D:10     | Reached skill level 5 in Dodging
  1478 | D:10     | Reached XP level 9. HP: 69/69 MP: 9/9
  1534 | D:10     | Found a sacrificial altar of Ru.
  1543 | D:10     | Noticed a two-headed ogre
  1551 | D:10     | Killed a two-headed ogre
  1551 | D:10     | Reached skill level 5 in Armour
  1697 | D:11     | Reached *** piety under Trog
  1699 | D:11     | Reached skill level 8 in Axes
  1734 | D:11     | Noticed a manticore
  1735 | D:11     | Noticed a hill giant
  1746 | D:11     | Killed a hill giant
  1750 | D:11     | Killed a manticore
  1761 | D:11     | Noticed Fannar
  1797 | D:11     | Killed Fannar
  1797 | D:11     | Reached skill level 9 in Axes
  1797 | D:11     | Reached XP level 10. HP: 61/79 MP: 10/10
  1860 | D:11     | Found a flagged portal.
  1867 | D:11     | HP: 5/118 [electric eel/bolt of electricity (12)]
  1903 | Bailey   | Entered a bailey
  2314 | D:11     | Found a basalt altar of Yredelemnul.
  2421 | D:11     | Noticed a cyclops
  2438 | D:11     | Killed a cyclops
  2613 | D:10     | Noticed a gargoyle
  2624 | D:10     | Killed a gargoyle
  2624 | D:10     | Reached skill level 10 in Axes
  2782 | D:8      | Got a slimy war axe
  2783 | D:8      | Identified the cursed +0 war axe "Bunwoito" {chop, +Rage rPois MR+ Int+4} (You found it on level 8 of the Dungeon)
  2813 | D:9      | Found a staircase to the Orcish Mines.
  2819 | Orc:1    | Entered Level 1 of the Orcish Mines
  2824 | Orc:1    | Reached **** piety under Trog
  2870 | Orc:1    | Found Hixt's General Store.
  2880 | Orc:1    | Bought a scroll of magic mapping for 42 gold pieces
  2880 | Orc:1    | Bought a scroll of remove curse for 36 gold pieces
  2880 | Orc:1    | Bought a scroll of enchant armour for 90 gold pieces
  2880 | Orc:1    | Bought a potion of cancellation for 96 gold pieces
  2880 | Orc:1    | Bought a scroll of noise for 12 gold pieces
  2880 | Orc:1    | Bought a scroll of remove curse for 36 gold pieces
  3073 | Orc:1    | Noticed an orc knight
  3090 | Orc:1    | Gained mutation: You sometimes gain a little power by taking damage. [demonic ancestry]
  3090 | Orc:1    | Reached XP level 11. HP: 87/87 MP: 11/11
  3094 | Orc:1    | Killed an orc knight
  3143 | Orc:1    | Noticed an orc knight
  3215 | Orc:1    | Killed an orc knight
  3435 | Orc:3    | Noticed an orc high priest
  3445 | Orc:3    | Killed an orc high priest
  3601 | Orc:3    | Reached ***** piety under Trog
  3671 | Orc:3    | Noticed an orc high priest
  3697 | Orc:3    | Killed an orc high priest
  3767 | Orc:3    | Reached skill level 11 in Axes
  3948 | Orc:4    | Entered Level 4 of the Orcish Mines
  4033 | Orc:4    | Found a frozen archway.
  4040 | Orc:4    | Noticed an ice dragon
  4062 | Orc:4    | Received a gift from Trog
  4077 | Orc:4    | Killed an ice dragon
  4110 | IceCv    | Entered an ice cave
  4123 | IceCv    | Noticed an ice devil
  4149 | IceCv    | Killed an ice devil
  4166 | IceCv    | Reached XP level 12. HP: 97/97 MP: 12/12
  4303 | IceCv    | Reached ****** piety under Trog
  4354 | IceCv    | Noticed an ice devil
  4369 | IceCv    | Killed an ice devil
  4372 | IceCv    | Received a gift from Trog
  4478 | Orc:4    | Reached skill level 12 in Axes
  4560 | Orc:4    | Reached skill level 10 in Fighting
  4705 | Orc:4    | Noticed Nergalle
  4763 | Orc:4    | Killed Nergalle
  4823 | Orc:3    | Found a staircase to the Elven Halls.
  5063 | Orc:4    | Noticed an orc high priest
  5071 | Orc:4    | Found a roughly hewn altar of Beogh.
  5213 | Orc:4    | Killed an orc high priest
  5261 | Orc:4    | Found Huexuiza's Antique Weapon Emporium.
  5306 | Orc:4    | Found Jaubol's Antique Armour Emporium.
  5322 | Orc:4    | Found Gyipyrch's General Store.
  5335 | Orc:4    | Bought a scroll of fear for 45 gold pieces
  5335 | Orc:4    | Bought a scroll of fog for 26 gold pieces
  5335 | Orc:4    | Bought a scroll of identify for 26 gold pieces
  5340 | Orc:4    | Noticed an orc warlord
  5341 | Orc:4    | Noticed Nessos
  5356 | Orc:4    | Killed an orc warlord
  5368 | Orc:4    | Killed Nessos
  5429 | Orc:4    | Found Gigrud's Jewellery Emporium.
  5437 | Orc:4    | Bought an uncursed ring of protection from fire for 325 gold pieces
  5437 | Orc:4    | Bought a +4 ring of protection for 468 gold pieces
  5557 | Orc:4    | Bought a shiny chain mail for 144 gold pieces
  5568 | Orc:4    | Bought a runed helmet for 144 gold pieces
  5839 | Orc:4    | Bought a fine war axe for 272 gold pieces
  5839 | Orc:4    | Identified the cursed +0 war axe "Ihideowkut" {freeze, Dex+2} (You bought it in a shop on level 4 of the Orcish Mines)
  5943 | D:8      | Noticed Erica
  5960 | D:8      | Killed Erica
  5985 | D:8      | Found an iron altar of Okawaru.
  6067 | D:8      | Noticed a hungry ghost
  6099 | D:8      | Killed a hungry ghost
  6359 | D:9      | Received a gift from Trog
  6376 | D:9      | Found a staircase to the Lair.
  6386 | Lair:1   | Entered Level 1 of the Lair of Beasts
  6400 | Lair:1   | Gained mutation: You sometimes gain power by taking damage. [demonic ancestry]
  6400 | Lair:1   | Reached XP level 13. HP: 94/104 MP: 13/13
  6506 | Lair:1   | Reached skill level 13 in Axes
  6918 | Lair:2   | Received a gift from Trog
  7043 | Lair:3   | Found a staircase to the Swamp.
  7054 | Lair:3   | Reached skill level 10 in Dodging
  7172 | Lair:3   | Got a smoking ring mail
  7265 | Lair:3   | Identified the cursed +0 ring mail of Aloe {rElec rN+ Str+2} (You found it on level 3 of the Lair of Beasts)
  7600 | Lair:4   | Reached skill level 10 in Armour
  7610 | Lair:4   | Found a hole to the Spider Nest.
  7665 | Lair:4   | Received a gift from Trog
  7914 | Lair:7   | Gained mutation: You are powered by pain. [demonic ancestry]
  7914 | Lair:7   | Reached XP level 14. HP: 94/114 MP: 14/14
  7965 | Lair:6   | Reached skill level 14 in Axes
  8037 | Lair:8   | Entered Level 8 of the Lair of Beasts
  8079 | Lair:8   | Found a runed door.
  8109 | Lair:8   | Found a labyrinth entrance.
  8134 | Lab      | Entered a labyrinth
  8465 | Lab      | Identified a scroll of acquirement
  8852 | Lair:8   | Found a runed door.
  8869 | Lair:8   | Paralysed by a wasp for 2 turns
  8974 | Lair:8   | Received a gift from Trog
  9501 | Swamp:1  | Entered Level 1 of the Swamp
  9506 | Swamp:1  | Noticed a thorn hunter
  9606 | Swamp:1  | Killed a thorn hunter
  9975 | Swamp:2  | Received a gift from Trog
 10099 | Swamp:4  | Entered Level 4 of the Swamp
 10152 | Swamp:3  | Reached skill level 15 in Axes
 10208 | Swamp:4  | Gained mutation: You are mostly covered in rough black scales (AC +7, Dex -2). [demonic ancestry]
 10208 | Swamp:4  | Reached XP level 15. HP: 115/122 MP: 15/15
 10267 | Swamp:4  | Noticed a thorn hunter
 10297 | Swamp:4  | Killed a thorn hunter
 10591 | Swamp:4  | Received a gift from Trog
 10661 | Swamp:4  | Got a decaying rune of Zot
 10815 | Spider:1 | Entered Level 1 of the Spider Nest
 10938 | Spider:3 | Noticed pedritolo's ghost (novice SpEn)
 10945 | Spider:3 | Killed pedritolo's ghost
 10979 | Spider:4 | Entered Level 4 of the Spider Nest
 10991 | Spider:4 | Noticed Asterion
 10998 | Spider:4 | Killed Asterion
 11016 | Spider:4 | Noticed Kirke
 11030 | Spider:4 | Killed Kirke
 11115 | Spider:4 | Reached skill level 16 in Axes
 11316 | Spider:4 | Received a gift from Trog
 11635 | Spider:4 | Reached XP level 16. HP: 128/131 MP: 16/16
 11825 | Spider:4 | Got a gossamer rune of Zot
 12523 | D:14     | Found a portal to a secret trove of treasure.
 12589 | D:15     | Entered Level 15 of the Dungeon
 12655 | D:15     | Found a staircase to the Depths.
 12824 | D:14     | Received a gift from Trog
 12845 | D:14     | Got an ivory executioner's axe {god gift}
 12854 | D:14     | Identified the +1 executioner's axe of Pride {venom, +Fly rPois rC+ Str-5} (Trog gifted it to you on level 14 of the Dungeon)
 12887 | D:14     | Found Fagiaczu's Food Emporium.
 12901 | D:14     | Noticed Rupert
 12913 | D:14     | Killed Rupert
 12913 | D:14     | Reached skill level 17 in Axes
 12949 | D:14     | Gained mutation: Your natural rate of healing is unusually fast. [mutagenic meat]
 12957 | D:14     | Found a gate to the Vaults.
 13050 | Vaults:1 | Entered Level 1 of the Vaults
 13125 | Vaults:1 | Gained mutation: You have claws for feet. [demonic ancestry]
 13125 | Vaults:1 | Reached XP level 17. HP: 134/139 MP: 17/17
 13558 | Vaults:2 | Received a gift from Trog
 13753 | Vaults:2 | Got a pair of smoking gloves
 13765 | Vaults:2 | Identified the +1 pair of gloves of the Quahog {rElec Int-4 Dex+2} (You found it on level 2 of the Vaults)
 13898 | Vaults:2 | Found a staircase to the Crypt.
 13898 | Vaults:2 | Found an ancient bone altar of Kikubaaqudgha.
 13898 | Vaults:2 | Found a basalt altar of Yredelemnul.
 13909 | Vaults:2 | Got a steaming cloak
 13938 | Vaults:2 | Identified the +2 cloak "Uwyiggan" {+Blink rF+ rCorr Dex-5} (You found it on level 2 of the Vaults)
 14026 | Vaults:2 | Reached skill level 1 in Evocations
 14416 | D:11     | Noticed a hill giant
 14422 | D:11     | Killed a hill giant
 14515 | Temple   | Entered the Ecumenical Temple
 14566 | Temple   | Fell from the grace of Trog
 14566 | Temple   | Became a worshipper of Makhleb the Destroyer
 14646 | D:8      | Killed a hungry ghost
 14950 | Vaults:3 | Reached skill level 5 in Evocations
 15059 | Vaults:2 | Reached * piety under Makhleb
 15152 | Vaults:3 | Noticed a tentacled monstrosity
 15209 | Vaults:3 | Killed a tentacled monstrosity
 15348 | Vaults:4 | Reached XP level 18. HP: 148/148 MP: 24/24
 15377 | Vaults:4 | Found Usiqo's Jewellery Shop.
 15381 | Vaults:4 | Reached ** piety under Makhleb
 15550 | Vaults:4 | Reached skill level 10 in Evocations
 15569 | Vaults:4 | Reached *** piety under Makhleb
 15575 | Vaults:4 | HP: 5/148 [stone giant (28)]
 15576 | Vaults:4 | HP: 1/148 [ogre mage/spear (8)]
 15577 | Vaults:4 | Mangled by an ogre mage

Dungeon Overview and Level Annotations

Branches:
Dungeon (15/15)            Temple (1/1) D:7            Lair (8/8) D:9
  Swamp (4/4) Lair:3       Spider (4/4) Lair:4        Slime (0/6) Lair:8
    Orc (4/4) D:9             Elf (0/3) Orc:3        Vaults (4/5) D:14
  Crypt (0/3) Vaults:2     Depths (0/5) D:15

Altars:
Cheibriados
Fedhas
Gozag
Kikubaaqudgha
Makhleb
Nemelex Xobeh
Okawaru
Qazlal
Ru
Yredelemnul
The Shining One
Beogh

Shops:
D:14 %   Orc:1 *   Orc:4 =*([   Vaults:4 =

Portals:
Trove: D:14 (give +5 demon whip)

Annotations:
Lair:8 1 runed door


Message History

You closely miss the necromancer.
The necromancer hits you but does no damage.
The hell knight hits you from afar with a demon trident of draining.
You feel drained.
The ogre mage hits you from afar with a spear!
The ironbrand convoker points at the ogre mage and mumbles some strange words.
The ogre mage seems to grow stronger.
The frost giant hits you with a battleaxe of freezing.
The frost giant freezes you. The stone giant hits you!!
You focus on the pain.
You feel very mighty all of a sudden. The hell knight barely misses you.
A vault sentinel comes into view. It is wielding an enchanted falchion.
Unknown command.
Press: ? - help, v - describe, . - travel
Here: a hell knight, wielding a demon trident of draining and wearing a chain mail (fast, sheltered from injuries)
The floor.
There are monsters nearby!
Read which item? (? for menu, Esc to quit)
Okay, then.
You slice the stone giant!! You freeze the stone giant.
You kill the stone giant!
Makhleb accepts your kill.
You feel better.
You hit the frost giant.
The frost giant is severely wounded.
You hit the necromancer. You freeze the necromancer.
The necromancer is lightly wounded.
You feel yourself slow down.
The hell knight hits you from afar with a demon trident of draining.
You feel drained.
The necromancer hits you but does no damage.
The sphinx mumbles some strange words.
Something smites you!
The ogre mage hits you from afar with a spear!
The ironheart preserver casts a spell.
The ironheart preserver begins to accept its allies' injuries.
Use which ability? (? or * to list)
You blink.
You feel slightly more hungry.
An ironbrand convoker comes into view. It is wielding an enchanted flail.
The ogre mage hits you with a halberd!
You die...

You could see an ironheart preserver, a frost giant, a sphinx, a vault warden, a hell knight, a giant orange brain, 2 ogre magi, a deep troll, a shadow wraith (invisible), 2 ironbrand convokers, 2 yaktaurs, a necromancer and an ogre.

Vanquished Creatures
  A tentacled monstrosity (Vaults:3)
  Rupert (D:14)
  Asterion (Spider:4)
  Kirke (Spider:4)
  A tengu reaver (Vaults:3)
  2 thorn hunters
  3 large abominations (Vaults:1)
  A fire giant (Vaults:3)
  7 vault wardens
  4 ghost moths (Spider:4)
  An orc warlord (Orc:4)
  3 frost giants
  3 emperor scorpions (Spider:4)
  5 ironheart preservers
  3 stone giants
  A war gargoyle (Vaults:4)
  A deep elf death mage (Vaults:1)
  3 fire dragons
  5 yaktaur captains
  4 vault guards
  4 ogre magi
  A great orb of eyes (shapeshifter) (Vaults:1)
  3 great orbs of eyes
  A minotaur (Lab)
  Fannar (D:11)
  19 hydras
  3 centaur warriors
  2 ice dragons
  Erica (D:8)
  3 alligators
  A deep troll shaman (Vaults:4)
  3 orc high priests
  2 hell knights (Vaults:4)
  2 deep elf knights
  8 skeletal warriors
  2 ice devils (IceCv)
  9 swamp dragons
  7 hornets
  4 deep trolls
  A spriggan druid (Swamp:4)
  4 hill giants
  A golden dragon skeleton (D:15)
  2 shambling mangroves
  7 ironbrand convokers
  A shadow dragon zombie (D:15)
  2 lindwurms (Lair:8)
  2 necromancers
  2 griffons
  A wizard (D:14)
  A phantasmal warrior (D:15)
  10 ugly things
  8 orc knights
  6 orb spiders (Spider:4)
  2 orc sorcerers (Orc:4)
  7 harpies
  15 wolf spiders
  A fire giant zombie (D:15)
  A deep elf conjurer (Vaults:2)
  A manticore (D:11)
  3 black mambas
  A moth of wrath (Spider:2)
  A black mamba (shapeshifter) (D:14)
  2 cyclopes
  Joseph (D:8)
  8 vault sentinels
  6 elephants (Lair:6)
  2 ice statues (IceCv)
  8 torpor snails
  17 spiny frogs
  A gargoyle (D:10)
  An octopode (shapeshifter) (Vaults:4)
  A kobold demonologist (Vaults:2)
  A centaur skeleton (D:14)
  11 komodo dragons
  24 yaktaurs
  9 jumping spiders
  6 demonic crawlers (Spider:4)
  4 red devils (D:12)
  A tengu conjurer (D:10)
  4 trolls
  A deep elf priest (Vaults:1)
  3 fire drakes
  7 blue devils (IceCv)
  6 two-headed ogres
  A polar bear (Orc:4)
  An ettin zombie (D:15)
  4 giant leeches
  5 bog bodies
  2 freezing wraiths
  3 boulder beetles
  19 slime creatures
  9 blink frogs
  8 trapdoor spiders
  7 tarantellas
  A shadow (Swamp:4)
  5 centaur simulacra
  27 yaks
  A wyvern (Lair:4)
  4 spriggans
  14 redbacks
  3 water elementals
  A wraith (D:11)
  2 wargs
  4 basilisks
  13 wolves
  28 vampire mosquitoes
  2 hungry ghosts (D:8)
  8 deep elf fighters
  3 hogs (Spider:4)
  6 hippogriffs
  16 humans (D:14)
  5 insubstantial wisps (Swamp:2)
  4 steam dragons (Lair:8)
  13 swamp worms
  2 mottled dragons
  9 water moccasins
  7 porcupines
  5 spiders
  A hornet simulacrum (D:14)
  38 orc warriors
  10 swamp drakes
  13 wasps
  A black bear (D:9)
  5 ice beasts
  23 ogres
  5 centaurs
  A phantom (D:9)
  10 crocodiles
  2 big kobolds
  4 brain worms
  20 giant frogs
  8 gnoll sergeants (Bailey)
  A glowing shapeshifter simulacrum (Vaults:1)
  A wyvern skeleton (D:8)
  2 scorpions
  A killer bee (D:8)
  7 wights
  3 electric eels
  A crimson imp (D:8)
  5 jellies
  3 centaur zombies
  2 giant frog zombies
  32 orc wizards
  20 orc priests
  4 hounds
  7 gnoll shamans
  12 iguanas
  6 worker ants
  19 sheep
  A hound zombie (D:8)
  A worker ant zombie (D:11)
  17 gnolls
  44 river rats
  9 adders
  2 shadow imps
  10 white imps
  6 ufetubi
  An adder zombie (D:7)
  18 worms
  150 orcs
  2 giant cockroaches
  3 hobgoblins
  2 jackals (D:1)
  2 quokkas
  17 bats
  A giant cockroach zombie (D:5)
  4 giant geckos
  3 giant newts
  5 goblins
  9 kobolds
  6 rats (D:9)
  A crawling corpse (Vaults:1)
  3 fungi
  8 plants
1165 creatures vanquished.

Vanquished Creatures (collateral kills)
  2 emperor scorpions (Spider:4)
  Nessos (Orc:4)
  Nergalle (Orc:4)
  A wolf spider (Spider:4)
  The ghost of pedritolo the Nimble, a novice SpEn of Ashenzari (Spider:3)
  A troll (Orc:4)
  A demonic crawler (Spider:3)
  2 jumping spiders (Spider:4)
  2 redbacks (Spider:4)
  3 hogs (Spider:4)
  A warg (Orc:4)
  An orc priest (Orc:4)
  An orc (Orc:4)
18 creatures vanquished.

Vanquished Creatures (others)
  An orb spider (Spider:3)
  A shadow (Swamp:2)
  A yak (Lair:7)
  5 ufetubi (IceCv)
  An orc (D:11)
  2 goblins (D:11)
  A fungus (Lair:3)
  10 plants (Lair:8)
22 creatures vanquished.

Grand Total: 1205 creatures vanquished

Action                   |  1- 3 |  4- 6 |  7- 9 | 10-12 | 13-15 | 16-18 || total
-------------------------+-------+-------+-------+-------+-------+-------++-------
Melee: Hand axe          |    46 |    55 |    64 |       |       |       ||   165
       War axe           |       |       |   143 |  1068 |   624 |       ||  1835
       Executioner's axe |       |       |       |       |   641 |   808 ||  1449
Throw: Javelin           |     2 |     3 |       |       |       |       ||     5
       Throwing net      |       |       |     1 |     2 |       |       ||     3
Invok: Berserk           |     4 |     2 |     9 |    18 |    11 |     2 ||    46
       Trog's Hand       |       |     2 |     5 |    14 |    12 |     9 ||    42
       Brothers in Arms  |       |       |       |     6 |     2 |     1 ||     9
       Burn Spellbooks   |       |       |       |       |       |     2 ||     2
 Abil: Evoke Blink       |       |       |       |       |       |     2 ||     2
Evoke: Wand              |       |       |       |       |    12 |       ||    12
       Phial of floods   |       |       |       |       |       |     2 ||     2
  Use: Scroll            |       |       |     5 |     6 |    19 |     2 ||    32
       Potion            |       |       |     3 |     1 |     2 |     9 ||    15
 Stab: Held in net/web   |       |       |       |     2 |     1 |       ||     3
       Distracted        |       |       |       |     1 |       |       ||     1
       Confused          |       |       |       |       |     2 |       ||     2
       Invisible         |       |       |       |       |     2 |    17 ||    19
       Betrayed ally     |       |       |       |       |     1 |       ||     1
  Eat: Chunk             |     1 |     3 |     6 |    38 |    27 |    19 ||    94
       Meat ration       |       |     1 |     1 |     1 |     1 |       ||     4
       Fruit             |       |       |       |    12 |     1 |       ||    13
       Pizza             |       |       |       |     2 |       |       ||     2
       Royal jelly       |       |       |       |     1 |       |       ||     1
       Beef jerky        |       |       |       |       |     1 |     1 ||     2

Vault maps used:
D:1:      dpeg_arrival_round_a, minmay_cupped
D:2:      first_bread, minivault_27
D:3:      amethyst_overflow_temple_binary, uniq_terence,
          uniq_crazy_yiuf_cottage, uniq_iyjb
D:4:      zin_scriptorium, vehumet_altar_wand_db, grunt_ministairs_10,
          nicolae_tso_carved_into_rock, uniq_blork_the_orc, uniq_pikel
D:5:      nicolae_overflow_hidden_temple, minmay_misc_feat_ornament
D:6:      old_standard_altar, nicolae_qazlal_style_of_elements, kennysheep_mini,
          serial_shops, kennysheep_little_box, lexackson_kobold_supper
D:7:      marbit_many_paths, minmay_temple_entry_overgrown
D:8:      okawaru_humans, grunt_gozag_statues, uniq_erica, uniq_joseph
D:9:      grunt_lair_entry_elf_guard_hut, orc_0_dummy
D:10:     grunt_tengu_nest, nicolae_ru_sacrificial_ziggurat
D:11:     basic_altar, enter_bailey_3, hangedman_corner_corridor, uniq_fannar
D:12:     einodemon_armed_red_devil_minivault
D:13:     cheibrodos_hippocracy, basic_altar
D:14:     david_vaults_3, serial_ice, serial_ice_a, serial_ice_g, serial_ice_k,
          serial_ice_h, serial_ice_n, serial_ice_e, serial_shops,
          kennysheep_mini_moat, infiniplex_staircase_spiral_double,
          enter_trove_5, uniq_rupert
D:15:     gammafunk_depths_entry_grave, serial_bayou_pond_a, uniq_roxanne
Temple:   nicolae_temple_figure_zero
Lair:1:   serial_bayou_pond_b, grunt_megastairs_3, serial_bayou_shore_a,
          bh_autumn_forest_stairs
Lair:2:   beast_lair_carwin_5, infiniplex_staircase_pool
Lair:3:   minmay_swamp_entry_reptiles, grunt_megastairs_2, uniq_gastronok
Lair:4:   spider_nest_entry_webs, serial_bayou_ford_a, lemuel_fruit_fields
Lair:5:   tgw_fedhas, infiniplex_staircase_pool_2, serial_bayou_shore_b,
          uniq_josephine
Lair:6:   pond
Lair:8:   wormcave, guppyfry_lair_end_dragon, slime_altar_2, lab_entry_generic
Swamp:1:  serial_swamp_ruin, evilmike_swamp_ruin_house_6,
          evilmike_swamp_ruin_house_3, swamp_pool3
Swamp:2:  evilmike_swamp_ruin_house_2, st_swamp_ruins_3
Swamp:3:  evilmike_swamp_ruin_rubble_2
Swamp:4:  swamp
Spider:1: uniq_azrael
Spider:3: uniq_agnes
Spider:4: grunt_spider_rune_island, uniq_asterion, uniq_kirke
Orc:1:    serial_shops, nicolae_shop_waterfront
Orc:3:    nicolae_orc_pool_cavern
Orc:4:    grunt_orc_cross, portal_ice_cave_entry_animals_and_master, uniq_nessos
Vaults:1: vaults_mumra_lcd, vaults_room_pool, hangedman_vaults_pinch,
          ontoclasm_vaults_loading_screen, v_misc_19, nicolae_vaults_rhombus_6,
          vaults_room_fours, ontoclasm_vaults_decontamination,
          ontoclasm_vaults_gateway, vaults_room_semicircle,
          nicolae_vaults_alarming, dpeg_vaults_monster_box
Vaults:2: v_misc_15, nicolae_vaults_sealed_display, vaults_room_boxed,
          minmay_crypt_entry_necro_gods, ontoclasm_vaults_ligature,
          ontoclasm_vaults_pinch, hangedman_vaults_stretched_pinwheel,
          nicolae_vaults_shelves_hall, v_rooms_4, hangedman_vaults_river_flow,
          vaults_room_fours, nicolae_vaults_border_crossing
Vaults:3: v_misc_4, ontoclasm_vaults_bender, vaults_room_hallway, v_misc_9,
          ontoclasm_vaults_fault, v_misc_12, nicolae_vaults_mini_display_case,
          v_misc_1, ontoclasm_vaults_hangar, vaults_room_glass_cross,
          dpeg_vaults_monster_row, ontoclasm_vaults_loading_screen,
          ontoclasm_vaults_ring_large, vaults_dpeg_hooks,
          vaults_room_fancy_cross, ontoclasm_vaults_hangar,
          hangedman_vaults_impose, nicolae_vaults_circle_grid_a
Vaults:4: v_misc_23, v_misc_22, hangedman_vaults_cutoff, vaults_dpeg_spiral,
          v_misc_8, ontoclasm_vaults_chip, st_diamondy, hangedman_vaults_cutoff,
          serial_shops, shop
Lab:      nicolae_lab_dead_adventurers
Bailey:   bailey_polearm_gnolls_kennysheep, bailey
IceCv:    ice_cave_small_demon
